 Dungeon Crawl Stone Soup version 0.29.0-4-gdea44cf6ec (webtiles) character file.

Game seed: 15662417948724013510

22 qw the Chopper (level 2, -1/17 HPs)
             Began as a Tengu Warper on Aug 28, 2022.
             Killed from afar by Sigmund (13 damage)
             ... with a puff of flame
             ... on level 2 of the Dungeon.
             The game lasted 00:00:04 (854 turns).

qw the Chopper (Tengu Warper)                        Turns: 854, Time: 00:00:05

Health: -1/17      AC:  5    Str: 11    XL:     2   Next: 91%
Magic:  6/6        EV: 10    Int: 13    God:
Gold:   18         SH:  0    Dex: 13    Spells: 5/5 levels left

rFire   . . .      SeeInvis .   Y - +0 hand axe
rCold   . . .      Faith    .   (no shield)
rNeg    . . .      Spirit   .   h - +0 ring mail
rPois   .          Reflect  .   (helmet restricted)
rElec   .          Harm     .   (no cloak)
rCorr   .          Rampage  .   (no gloves)
Will    .....                   (boots unavailable)
Stlth   +.........              i - amulet of regeneration
HPRegen 0.85/turn               (no ring)
MPRegen 0.10/turn               (no ring)

@: no status effects
A: beak, talons 3
a: no special abilities


You were on level 2 of the Dungeon.
You visited 1 branch of the dungeon, and saw 2 of its levels.

You collected 18 gold pieces.


Innate Abilities, Weirdness & Mutations

You have a beak for a mouth.
You have claws for feet.


   Skills:
 - Level 2.0 Fighting
 + Level 3.6 Axes
 - Level 1.0 Throwing
 - Level 1.1 Armour
 - Level 2.1 Dodging
 - Level 2.0 Spellcasting
 - Level 2.4 Translocations


You had 5 spell levels left.
You didn't know any spells.
Your spell library contained the following spells:

 Spells                   Type           Power      Damage    Failure   Level
 Blink                    Tloc           14%        N/A       34%         2
 Gell's Gravitas          Tloc           7%         N/A       56%         3
 Lesser Beckoning         Tloc           7%         N/A       56%         3
 Teleport Other           Tloc           7%         N/A       56%         3
 Manifold Assault         Tloc           7%         N/A       99%         5

Inventory:

Hand Weapons
 g - a +0 mace
 Y - a +0 hand axe (weapon)
Missiles
 d - 7 boomerangs of dispersal
 f - 4 javelins (quivered)
Armour
 h - a +0 ring mail (worn)
Jewellery
 i - an amulet of regeneration (around neck)
Potions
 e - a potion of brilliance {unknown}
 j - a potion of ambrosia {unknown}
 k - a potion of curing {unknown}

Dungeon Overview and Level Annotations

Branches:
Dungeon (2/15)

Altars:

Annotations:
D:2 Sigmund


Message History

840 ||| FLEEEEING.
842 ||| FLEEEEING.
Sigmund gestures wildly while chanting.
Sigmund flickers and vanishes!
Deactivating autopickup; reactivate with Ctrl-A.
You see here a ball python corpse.
There is a stone staircase leading up here.
846 ||| STAIRDANCE You climb upwards.
Reactivating autopickup.
There is a stone staircase leading down here.
You start resting.
HP restored.
Done exploring.
849 ||| READING scroll labelled JID GUIRGHIGA.
As you read the scroll labelled JID GUIRGHIGA, it crumbles to dust.
It is a scroll of enchant armour.
Really abort (and waste the scroll)?
Done exploring.
(D) Dungeon
Where to? (* - list waypoints, Enter - D:2, ? - help)
What level of the Dungeon? (default 1, ? - help)
You climb downwards.
Level annotation: Sigmund
There is a stone staircase leading up here.
There is a strange disturbance nearby!
There is a strange disturbance nearby!
852 ||| Stepping randomly (disturbance).
You hear a zap.
A puff of flame appears from out of thin air!
Deactivating autopickup; reactivate with Ctrl-A.
The puff of flame hits you!
853 ||| FLEEEEING.
There is a stone staircase leading up here.
854 ||| STAIRDANCE You hear a zap.
A puff of flame appears from out of thin air!
The puff of flame hits you!
Ouch! That really hurt!
You die...

#.########
#.#......#
#.#.####.# #+
#.#.# #.# ...
#.#.####.# ....
#......#.# .....
###.##.#.#
......####...#.#.#
....@.'..K....%#@#
...K.K####.{.....#
..... ##.##.###
.... ####.# ...
#.# #+ ..# ###


There were no monsters in sight!

Vanquished Creatures
  5 ball pythons
  An endoplasm (D:1)
  A giant cockroach (D:1)
  5 goblins (D:1)
  A hobgoblin (D:1)
  A kobold (D:1)
  3 bats (D:1)
  A frilled lizard (D:1)
  A rat (D:1)
19 creatures vanquished.

Notes
Turn   | Place    | Note
-------+----------+-------------------------------------------
     0 | D:1      | qw the Tengu Warper began the quest for the Orb.
     0 | D:1      | Reached XP level 1. HP: 12/12 MP: 4/4
     0 | D:1      | 0 ||| qw: Version: 0.1-a-89-g26bdef1
     0 | D:1      | 0 ||| qw: Game counter: 669
     0 | D:1      | 0 ||| qw: Always use a shield: true
     0 | D:1      | 0 ||| qw: God list: Okawaru
     0 | D:1      | 0 ||| qw: Allow faded altars: false
     0 | D:1      | 0 ||| qw: Do Orc after D:15 true
     0 | D:1      | 0 ||| qw: Do second Lair branch before Depths: true
     0 | D:1      | 0 ||| qw: Lair rune preference: random
     0 | D:1      | 0 ||| qw: Plans: Normal
     0 | D:1      | 0 ||| PLANNING D:1-11
   281 | D:1      | Reached XP level 2. HP: 17/17 MP: 6/6
   319 | D:1      | Reached skill level 3 in Axes
   358 | D:1      | Found a faded altar of an unknown god.
   527 | D:1      | 527 ||| Stepping ~*~*~tactically~*~*~ (stealth).
   752 | D:1      | 752 ||| UPGRADING to +0 ring mail.
   762 | D:1      | 762 ||| DROPPING +0 leather armour.
   763 | D:1      | 763 ||| UPGRADING to amulet of regeneration.
   768 | D:1      | 768 ||| READING scroll labelled EVVEAPPIWU.
   769 | D:1      | 769 ||| READING scroll labelled LIOBROPT VAPP.
   770 | D:1      | 770 ||| DROPPING scroll of blinking.
   836 | D:2      | Noticed Sigmund
   837 | D:2      | 837 ||| FLEEEEING.
   838 | D:2      | 838 ||| FLEEEEING.
   839 | D:2      | 839 ||| FLEEEEING.
   840 | D:2      | 840 ||| FLEEEEING.
   842 | D:2      | 842 ||| FLEEEEING.
   846 | D:2      | 846 ||| STAIRDANCE
   849 | D:1      | 849 ||| READING scroll labelled JID GUIRGHIGA.
   852 | D:2      | 852 ||| Stepping randomly (disturbance).
   853 | D:2      | 853 ||| FLEEEEING.
   854 | D:2      | 854 ||| STAIRDANCE
   854 | D:2      | Killed from afar by Sigmund

Levels and vault maps discovered:
D:1:      minmay_arrival_four_houses, layout_basic,
          shapermc_ecumenical_altar_mp_urbaneastern,
          chequers_serial_rivers_room_b
D:2:      layout_loops_corners, uniq_sigmund, uniq_terence, uniq_natasha

Skill      XL: |  1  2 |
---------------+-------+-----
Axes           | 3 |  3.6
Fighting       | |  2.0
Throwing       | |  1.0
Armour         | |  1.1
Dodging        | |  2.1
Spellcasting   | |  2.0
Translocations | |  2.4

Action                   || total
-------------------------++-------
Melee: Hand axe          ||    23
       Peck              ||     5
       Kick              ||     2
       Punch             ||     1
Throw: Javelin           ||    19
  Use: Scroll            ||     3
Armor: Leather armour    ||     9
Dodge: Dodged            ||    16

Table legend:
 A = Non-vault XP
 B = Vault XP
 C = Vault XP percentage of total XP
 D = Non-vault monster count
 E = Vault monster count
 F = Vault count percentage of total count
                 A         B        C        D         E       F
            +---------+---------+-------+---------+---------+-------
      Total |      32 |       0 |   0.0 |      19 |       0 |   0.0
            +---------+---------+-------+---------+---------+-------
        D:1 |      31 |       0 |   0.0 |      18 |       0 |   0.0
        D:2 |       1 |       0 |   0.0 |       1 |       0 |   0.0
            +---------+---------+-------+---------+---------+-------
